[Event "ICC tourney 2161 (75 10)"]
[Site "Internet Chess Club"]
[Date "2020.11.27"]
[Round "3"]
[White "ajedrez7"]
[Black "MacAndSneeze"]
[Result "0-1"]
[ICCResult "White checkmated"]
[WhiteElo "1633"]
[BlackElo "1561"]
[Opening "Sicilian: closed"]
[ECO "B23"]
[NIC "SI.44"]
[Time "18:32:27"]
[PlyCount "68"]
[TimeControl "4500+10"]


1. e4 c5 2. Nc3 a6 3. g3 g6 4. Bg2 Bg7 5. Nge2 Nc6 6. d3 b5 7. O-O Bb7 8.
Rb1 d6 9. Nd5 e6 10. Ne3 Nge7 11. b3 d5 12. exd5 exd5 13. Re1 d4 14. Nf1
O-O 15. Nd2 f5 16. Nf4 Qb6 17. Ne6 Rfe8 18. Nxg7 Kxg7 19. Nf1 Nb4 20. Bxb7
Qxb7 21. Qd2 Nxa2 22. Qh6+ Kg8 23. Bg5 Nd5 24. Qh3 Ndc3 25. Ra1 Nb4 26.
Rxe8+ Rxe8 27. Qg2 Qxg2+ 28. Kxg2 Nxc2 29. Rxa6 Nb4 30. Ra7 Nxd3 31. Bh6
Ne1+ 32. Kh3 Ne4 33. Rb7 Nxf2+ 34. Kh4 Nf3# { White checkmated } 0-1

[Event "ICC tourney 2161 (75 10)"]
[Site "Internet Chess Club"]
[Date "2020.11.27"]
[Round "3"]
[White "FlowingMelody"]
[Black "clammer"]
[Result "0-1"]
[ICCResult "White resigns"]
[WhiteElo "1317"]
[BlackElo "1549"]
[Opening "Caro-Kann: classical variation"]
[ECO "B18"]
[NIC "CK.10"]
[Time "18:32:14"]
[PlyCount "110"]
[TimeControl "4500+10"]


1. e4 c6 2. d4 d5 3. Nc3 dxe4 4. Nxe4 Bf5 5. Ng3 Qa5+ 6. Bd2 Qd5 7. Nxf5
Qxf5 8. Bd3 Qe6+ 9. Ne2 Nd7 10. O-O O-O-O 11. a4 Ngf6 12. b4 Qg4 13. c4 e5
14. f3 Qh4 15. Be1 Qh6 16. dxe5 Nxe5 17. Bf5+ Kc7 18. Qc2 Qe3+ 19. Bf2 Qd2
20. Qxd2 Rxd2 21. Nc3 Bxb4 22. Na2 Bd6 23. c5 Be7 24. Bg3 Nd7 25. Bxd7 Kxd7
26. Bxe5 Bxc5+ 27. Kh1 Re8 28. Rfd1 Rxd1+ 29. Rxd1+ Kc8 30. Bxg7 Re3 31. h3
Ba3 32. Bd4 Rb3 33. Nc3 Bb2 34. Ne2 Bxd4 35. Nxd4 Ra3 36. Nf5 Rxa4 37. Nd6+
Kc7 38. Nxf7 Rf4 39. Ne5 b5 40. Ra1 Ra4 41. Rxa4 bxa4 42. Nc4 c5 43. Kg1
Kc6 44. Kf1 Kb5 45. Na3+ Kb4 46. Nb1 a3 47. Nxa3 Kxa3 48. Ke2 c4 49. Kd2
Kb3 50. Kc1 a5 51. f4 a4 52. f5 a3 53. f6 a2 54. f7 a1=Q+ 55. Kd2 Qf6 {
White resigns } 0-1

[Event "ICC tourney 2161 (75 10)"]
[Site "Internet Chess Club"]
[Date "2020.11.27"]
[Round "3"]
[White "mutantpenguin"]
[Black "kchinta346"]
[Result "0-1"]
[ICCResult "White checkmated"]
[WhiteElo "1348"]
[BlackElo "1695"]
[Opening "Pirc defense"]
[ECO "B07"]
[NIC "PU.08"]
[Time "18:32:31"]
[PlyCount "66"]
[TimeControl "4500+10"]


1. e4 d6 2. d4 Nf6 3. Bd3 g6 4. Nf3 Bg7 5. O-O O-O 6. Be3 Nc6 7. c3 Nd7 8.
Nbd2 e5 9. d5 Ne7 10. Re1 f5 11. Ng5 Nf6 12. exf5 gxf5 13. f3 Nexd5 14. Bc4
Kh8 15. Nb3 Nxe3 16. Rxe3 Qe8 17. f4 h6 18. Nf7+ Rxf7 19. Bxf7 Qxf7 20.
fxe5 Ng4 21. Rf3 Nxe5 22. Rf2 Bd7 23. Nd4 Rg8 24. Qf1 Ng4 25. Rd2 Be5 26.
Nf3 Bc6 27. h3 Ne3 28. Qd3 f4 29. Kh2 Qh5 30. Nxe5 Bxg2 31. Nf7+ Qxf7 32.
Rg1 Qg7 33. Qe2 Qg3# { White checkmated } 0-1

[Event "ICC tourney 2161 (75 10)"]
[Site "Internet Chess Club"]
[Date "2020.11.27"]
[Round "3"]
[White "rachael1120"]
[Black "sophiaz7"]
[Result "1-0"]
[ICCResult "Black checkmated"]
[WhiteElo "1683"]
[BlackElo "1462"]
[Opening "Giuoco Piano"]
[ECO "C54"]
[NIC "IG.02"]
[Time "18:32:01"]
[PlyCount "71"]
[TimeControl "4500+10"]


1. e4 e5 2. Nf3 Nc6 3. Bc4 Bc5 4. c3 Nf6 5. d4 exd4 6. cxd4 Bb4+ 7. Bd2
Nxe4 8. Bxb4 Nxb4 9. Bxf7+ Kxf7 10. Qb3+ d5 11. Qxb4 c6 12. Ne5+ Ke6 13.
Qa3 Qf8 14. Qh3+ Ke7 15. Qe3 Qf6 16. f3 Nd6 17. Ng6+ Kf7 18. Nxh8+ Kg8 19.
O-O Kxh8 20. Re1 Bd7 21. Nd2 Nf5 22. Qe5 Qg6 23. Qf4 h6 24. Nb3 Kg8 25. Nc5
Bc8 26. Qe5 Nd6 27. Ne6 Bd7 28. Qxd6 Bxe6 29. Qxe6+ Qxe6 30. Rxe6 Kf7 31.
Rae1 b6 32. Re7+ Kf6 33. R1e6+ Kf5 34. Rxc6 g5 35. g3 b5 36. Re5# { Black
checkmated } 1-0

[Event "ICC tourney 2161 (75 10)"]
[Site "Internet Chess Club"]
[Date "2020.11.27"]
[Round "3"]
[White "Supersky"]
[Black "Yamato1945"]
[Result "1-0"]
[ICCResult "Black resigns"]
[WhiteElo "1312"]
[BlackElo "1434"]
[Opening "Queen's pawn game, Krause variation"]
[ECO "D02"]
[NIC "QP.08"]
[Time "18:32:04"]
[PlyCount "76"]
[TimeControl "4500+10"]


1. d4 d5 2. Nf3 c5 3. e3 Nc6 4. c3 Bf5 5. Bd3 Bg6 6. O-O e6 7. Bxg6 hxg6 8.
Nbd2 Bd6 9. Re1 Nf6 10. e4 dxe4 11. Nxe4 Nxe4 12. Rxe4 Qc7 13. g3 O-O-O 14.
d5 exd5 15. Rg4 Ne5 16. Nxe5 Bxe5 17. Qf3 Rh5 18. Bg5 f6 19. Bd2 f5 20.
Rxg6 Rdh8 21. h4 Bf6 22. Qxd5 Rd8 23. Qe6+ Qd7 24. Qxd7+ Kxd7 25. Bg5 Ke7
26. Bxf6+ gxf6 27. Rg7+ Kf8 28. Rxb7 Rd2 29. Rb1 Kg8 30. Rxa7 Rh7 31. Rxh7
Kxh7 32. a4 Kg6 33. a5 Kh5 34. a6 Kg4 35. a7 c4 36. a8=Q f4 37. Qe4 Kh3 38.
Qxf4 f5 { Black resigns } 1-0

[Event "ICC tourney 2161 (75 10)"]
[Site "Internet Chess Club"]
[Date "2020.11.27"]
[Round "3"]
[White "AwarePiece"]
[Black "Liopleuradon15"]
[Result "1-0"]
[ICCResult "Black resigns"]
[WhiteElo "1779"]
[BlackElo "1474"]
[Opening "Ruy Lopez: Berlin defense, 4.O-O, d6"]
[ECO "C66"]
[NIC "RL.07"]
[Time "18:32:29"]
[PlyCount "137"]
[TimeControl "4500+10"]


1. e4 e5 2. Nf3 Nc6 3. Bb5 Nf6 4. O-O d6 5. d3 Be7 6. h3 O-O 7. Be3 Ne8 8.
Nc3 a6 9. Ba4 b5 10. Bb3 Na5 11. d4 exd4 12. Nxd4 Nxb3 13. axb3 Bb7 14. Nd5
Bxd5 15. exd5 Bg5 16. Bxg5 Qxg5 17. Nxb5 c6 18. Nc3 c5 19. Qd3 Nc7 20. Ne4
Qg6 21. f3 Rfe8 22. Rfd1 Re5 23. c4 f5 24. Nc3 Rae8 25. Qd2 Re3 26. Qf2 f4
27. Re1 Qd3 28. Rxe3 fxe3 29. Qe2 Qd4 30. Re1 Qd2 31. Qxd2 exd2 32. Rxe8+
Nxe8 33. Kf2 Kf7 34. Ke2 Ke7 35. Kxd2 Kf6 36. Ke3 Nc7 37. Ne4+ Ke7 38. g4
h6 39. f4 Ne8 40. b4 cxb4 41. Kd4 a5 42. c5 dxc5+ 43. Kxc5 Kd7 44. d6 g6
45. Kb5 g5 46. fxg5 hxg5 47. Nxg5 Nxd6+ 48. Kxa5 Nc4+ 49. Kxb4 Nxb2 50. Kc3
Nd1+ 51. Kd2 Nb2 52. Ke3 Nc4+ 53. Kf4 Ke7 54. h4 Nd6 55. Ne4 Nf7 56. g5 Kf8
57. h5 Kg7 58. Ng3 Nh8 59. Nf5+ Kh7 60. Kg4 Kg8 61. g6 Kf8 62. g7+ Kg8 63.
gxh8=Q+ Kxh8 64. Kg5 Kh7 65. h6 Kh8 66. Kg6 Kg8 67. Nd6 Kh8 68. Nf7+ Kg8
69. h7+ { Black resigns } 1-0

[Event "ICC tourney 2161 (75 10)"]
[Site "Internet Chess Club"]
[Date "2020.11.27"]
[Round "3"]
[White "tightfist"]
[Black "TheSuperKing"]
[Result "1-0"]
[ICCResult "Black resigns"]
[WhiteElo "1507"]
[BlackElo "1731"]
[Opening "Queen's pawn game, Chigorin variation"]
[ECO "A04"]
[NIC "QP.11"]
[Time "18:32:34"]
[PlyCount "114"]
[TimeControl "4500+10"]


1. Nf3 Nc6 2. d4 d5 3. Bf4 e6 4. Nc3 a6 5. e4 Bb4 6. e5 Nge7 7. Qd3 h6 8.
a3 Bxc3+ 9. Qxc3 O-O 10. Bd3 f6 11. Bg3 fxe5 12. Nxe5 Nxe5 13. Bxe5 Nc6 14.
Bg3 Qf6 15. O-O Rf7 16. Be5 Nxe5 17. dxe5 Qf4 18. Rae1 Qg5 19. Qd4 b6 20.
f4 Qg4 21. Re3 c5 22. Qa4 Bd7 23. Qb3 Rxf4 24. Qxb6 Rxf1+ 25. Bxf1 Qd4 26.
Qb3 Ba4 27. Qc3 Bxc2 28. Qxd4 cxd4 29. Rg3 Rf8 30. Bxa6 Rf5 31. Bd3 Rxe5
32. Bxc2 Re2 33. Bg6 Rxb2 34. h4 e5 35. Rd3 Rb6 36. h5 Rc6 37. a4 Rc4 38.
Ra3 e4 39. a5 d3 40. Kf2 Rc2+ 41. Ke1 Rc7 42. a6 Ra7 43. Ra5 Kf8 44. Rxd5
Rxa6 45. Bxe4 Re6 46. Rd4 Re5 47. g4 Ke7 48. Kd2 Kf6 49. Kxd3 Re7 50. Bf5
Kg5 51. Rd7 Rxd7+ 52. Bxd7 g6 53. Be8 gxh5 54. Bxh5 Kf6 55. Kd4 Kg7 56. Ke5
Kg8 57. Kf6 Kh7 { Black resigns } 1-0

[Event "ICC tourney 2161 (75 10)"]
[Site "Internet Chess Club"]
[Date "2020.11.27"]
[Round "3"]
[White "Dhruti813kob36"]
[Black "iamvoltu"]
[Result "1/2-1/2"]
[ICCResult "Game drawn by mutual agreement"]
[WhiteElo "1427"]
[BlackElo "1600"]
[Opening "Sicilian: O'Kelly variation"]
[ECO "B28"]
[NIC "SI.43"]
[Time "18:32:21"]
[PlyCount "114"]
[TimeControl "4500+10"]


1. e4 c5 2. Nf3 a6 3. d4 cxd4 4. Nxd4 Nf6 5. Nc3 e5 6. Nf3 Bb4 7. Bd3 d5 8.
Bg5 d4 9. a3 dxc3 10. axb4 cxb2 11. Rb1 Nc6 12. Rxb2 Bg4 13. O-O Nd4 14.
Be2 Bxf3 15. Bxf3 O-O 16. c3 Nb5 17. Qxd8 Rfxd8 18. Bxf6 gxf6 19. c4 Nd4
20. Bg4 Rd6 21. Rd1 Rad8 22. Kf1 Rc6 23. c5 b6 24. Rc1 bxc5 25. Rxc5 Rb6
26. Rc7 Rdb8 27. Bh5 Rxb4 28. Rxb4 Rxb4 29. Bxf7+ Kf8 30. g3 Nb5 31. Rb7
Rxe4 32. Be6 Rd4 33. Rxh7 Rd6 34. Bf5 Nd4 35. g4 Nxf5 36. gxf5 a5 37. Ra7
Rd5 38. h4 e4 39. h5 Rxf5 40. h6 Kg8 41. Ke2 Re5 42. Ra6 Rf5 43. Ke3 Kh7
44. Kxe4 Rxf2 45. Rxa5 Kxh6 46. Rf5 Rxf5 47. Kxf5 Kg7 48. Kf4 Kg6 49. Kg4
f5+ 50. Kf4 Kf6 51. Kf3 Ke5 52. Ke3 Kd5 53. Kf4 Ke6 54. Kf3 Kf6 55. Kf4 Kg6
56. Kf3 Kg5 57. Kg3 Kh5 { Game drawn by mutual agreement } 1/2-1/2

[Event "ICC tourney 2161 (75 10)"]
[Site "Internet Chess Club"]
[Date "2020.11.27"]
[Round "3"]
[White "kinpin007"]
[Black "jackl514"]
[Result "0-1"]
[ICCResult "White resigns"]
[WhiteElo "1525"]
[BlackElo "1585"]
[Opening "QGD semi-Slav: Meran variation"]
[ECO "D47"]
[NIC "SL.09"]
[Time "18:32:07"]
[PlyCount "80"]
[TimeControl "4500+10"]


1. d4 d5 2. c4 e6 3. Nf3 Nf6 4. Nc3 c6 5. e3 Nbd7 6. Bd3 dxc4 7. Bxc4 b5 8.
Be2 Bb7 9. O-O a6 10. Qc2 c5 11. b3 Rc8 12. dxc5 Nxc5 13. Qd2 Qc7 14. Bb2
Rd8 15. Qc1 Nd3 16. Bxd3 Rxd3 17. Qc2 Rd8 18. Rac1 Ng4 19. h3 Bxf3 20. hxg4
Bxg4 21. Qe4 Bf5 22. Qf3 Qa7 23. Qc6+ Qd7 24. Qxa6 Bd3 25. Rfd1 b4 26. Rxd3
Qxd3 27. Qxd3 Rxd3 28. Nb5 Be7 29. Rc8+ Rd8 30. Rxd8+ Kxd8 31. Bxg7 Rg8 32.
Bd4 Rg5 33. Bb6+ Kd7 34. Nd4 Bc5 35. Bxc5 Rxc5 36. Kf1 e5 37. Nf3 Kd6 38.
Nd2 Rc2 39. Nc4+ Ke6 40. a4 Rxc4 { White resigns } 0-1

[Event "ICC tourney 2161 (75 10)"]
[Site "Internet Chess Club"]
[Date "2020.11.27"]
[Round "3"]
[White "fhunfi"]
[Black "chessmaster0981"]
[Result "1-0"]
[ICCResult "Black checkmated"]
[WhiteElo "1698"]
[BlackElo "1579"]
[Opening "French: Schlechter variation"]
[ECO "C01"]
[NIC "FR.01"]
[Time "18:32:18"]
[PlyCount "97"]
[TimeControl "4500+10"]


1. e4 e6 2. d4 d5 3. Bd3 dxe4 4. Bxe4 Nf6 5. Bf3 Be7 6. Be3 O-O 7. c4 c6 8.
Ne2 Nbd7 9. Nbc3 Qa5 10. O-O e5 11. Ng3 exd4 12. Bxd4 Rd8 13. Qe2 Bf8 14.
Rfd1 c5 15. Bxf6 Nxf6 16. Nd5 Nxd5 17. Bxd5 Qc7 18. Rd3 Bd7 19. Rad1 Bc6
20. Nf5 Bxd5 21. Rxd5 Re8 22. Qd2 Rab8 23. Rd3 Qe5 24. Ne3 Be7 25. Nd5 Bf8
26. Re3 Qg5 27. Rxe8 Qxd2 28. Rxf8+ Kxf8 29. Rxd2 Re8 30. Kf1 b6 31. Re2
Rd8 32. f3 Rd7 33. Kf2 f6 34. Ke3 Kf7 35. Kd3 Kf8 36. Kc3 Kf7 37. b4 cxb4+
38. Kxb4 Rb7 39. Kb5 Rd7 40. Kc6 Rd8 41. Re7+ Kf8 42. Rxa7 Re8 43. Kxb6
Rb8+ 44. Rb7 Rc8 45. c5 Ke8 46. c6 Kd8 47. Rxg7 Rb8+ 48. Ka7 Rc8 49. Rg8# {
Black checkmated } 1-0

[Event "ICC tourney 2161 (75 10)"]
[Site "Internet Chess Club"]
[Date "2020.11.27"]
[Round "3"]
[White "Surajo"]
[Black "SamLightning"]
[Result "1-0"]
[ICCResult "Black resigns"]
[WhiteElo "1771"]
[BlackElo "1649"]
[Opening "Sicilian: Alapin's variation (2.c3)"]
[ECO "B22"]
[NIC "SI.46"]
[Time "18:32:15"]
[PlyCount "121"]
[TimeControl "4500+10"]


1. e4 c5 2. c3 g6 3. d4 cxd4 4. cxd4 d5 5. exd5 Qxd5 6. Nc3 Qd8 7. Nf3 Nf6
8. Bc4 Bg7 9. O-O O-O 10. Bf4 Bg4 11. d5 Nbd7 12. h3 Bxf3 13. Qxf3 Rc8 14.
Bb3 Nc5 15. Bc2 a6 16. Rad1 Qb6 17. Rb1 Nh5 18. Be3 Qc7 19. Ne4 Nxe4 20.
Bxe4 Qe5 21. d6 Qxd6 22. Bxb7 Rc2 23. Rfd1 Qb8 24. Bd4 a5 25. Be4 Rcc8 26.
Bxg7 Kxg7 27. Rd5 Qb4 28. a3 Qa4 29. b4 axb4 30. Rxb4 Qc6 31. Rd1 Qf6 32.
Qxf6+ Nxf6 33. Bb7 Rc7 34. Rdb1 Rb8 35. a4 Nd7 36. a5 Nc5 37. a6 Nxb7 38.
Rxb7 Rcxb7 39. Rxb7 Ra8 40. a7 Kf6 41. Kf1 h5 42. Ke2 Ke6 43. Kd3 Kd6 44.
Kc4 Rc8+ 45. Kb4 Ra8 46. Kb5 g5 47. Kb6 f5 48. Rb8 Rxa7 49. Kxa7 g4 50. Rh8
gxh3 51. gxh3 e5 52. Rxh5 f4 53. h4 Kd5 54. f3 Kd4 55. Rf5 Ke3 56. Rxe5+
Kxf3 57. Re8 Kg4 58. Rf8 f3 59. h5 f2 60. Rxf2 Kxh5 61. Kb6 { Black resigns
} 1-0

[Event "ICC tourney 2161 (75 10)"]
[Site "Internet Chess Club"]
[Date "2020.11.27"]
[Round "3"]
[White "ParthP2003"]
[Black "Deveshc"]
[Result "0-1"]
[ICCResult "White resigns"]
[WhiteElo "1708"]
[BlackElo "1480"]
[Opening "Sicilian"]
[ECO "B56"]
[NIC "SI.25"]
[Time "18:32:06"]
[PlyCount "102"]
[TimeControl "4500+10"]


1. e4 c5 2. Nf3 Nc6 3. d4 cxd4 4. Nxd4 Nf6 5. Nc3 d6 6. Be3 Ng4 7. Nxc6
bxc6 8. Bc1 Qb6 9. Qd2 g6 10. f3 Bh6 11. f4 e5 12. Na4 Bxf4 13. Qxf4 Qb4+
14. Qd2 Qxa4 15. Bd3 Qd4 16. h3 Nf6 17. Qe2 Nh5 18. c3 Qb6 19. Qf3 Be6 20.
g4 Nf4 21. Bxf4 exf4 22. Qe2 Rb8 23. b3 Qc5 24. Kd2 Qg5 25. Kc2 Qe5 26.
Raf1 Qa5 27. Kb2 Qe5 28. Qf2 g5 29. Qxa7 Rd8 30. Qf2 Ra8 31. Qd4 Ke7 32.
Qxe5 dxe5 33. a4 Rhb8 34. b4 Rxa4 35. Ra1 Raa8 36. Rxa8 Rxa8 37. Ra1 Rxa1
38. Kxa1 f3 39. Kb2 h5 40. gxh5 Bxh3 41. Kc2 f2 42. b5 cxb5 43. Bxb5 f1=Q
44. Bxf1 Bxf1 45. Kd2 Kf8 46. Ke1 Bd3 47. Kf2 Bxe4 48. c4 Bd3 49. c5 Bb5
50. Kf3 Kg7 51. Ke4 f6 { White resigns } 0-1

[Event "ICC tourney 2161 (75 10)"]
[Site "Internet Chess Club"]
[Date "2020.11.27"]
[Round "3"]
[White "kirikiri007"]
[Black "Eagle2020"]
[Result "1-0"]
[ICCResult "Black checkmated"]
[WhiteElo "1577"]
[BlackElo "1505"]
[Opening "French: exchange variation"]
[ECO "C01"]
[NIC "FR.01"]
[Time "18:32:34"]
[PlyCount "89"]
[TimeControl "4500+10"]


1. e4 e6 2. d4 d5 3. exd5 exd5 4. Bd3 Nf6 5. Nf3 Bg4 6. Bg5 Be7 7. O-O Nbd7
8. Nbd2 h6 9. Bh4 O-O 10. c3 c6 11. Bg3 b6 12. Qc2 c5 13. Rfe1 Re8 14. Bf5
Bxf5 15. Qxf5 Nf8 16. Ne5 Rc8 17. Ndf3 c4 18. Re2 b5 19. Rae1 a5 20. Qc2 b4
21. Qa4 Ne6 22. Nxf7 Kxf7 23. Rxe6 Ne4 24. Re5 bxc3 25. bxc3 Nxc3 26. Qc2
Ne4 27. Re2 Qb6 28. Rxd5 Nxg3 29. hxg3 Bf6 30. Rxe8 Kxe8 31. Qg6+ Kf8 32.
Rd7 Qe6 33. Ne5 Kg8 34. Rxg7+ Bxg7 35. Qxe6+ Kh7 36. Qxc8 Bf6 37. Qxc4 h5
38. Qf7+ Bg7 39. d5 h4 40. d6 hxg3 41. d7 a4 42. d8=Q gxf2+ 43. Kxf2 a3 44.
Qdg8+ Kh6 45. Qg6# { Black checkmated } 1-0

[Event "ICC tourney 2161 (75 10)"]
[Site "Internet Chess Club"]
[Date "2020.11.27"]
[Round "3"]
[White "Maanast"]
[Black "RockyWang"]
[Result "1-0"]
[ICCResult "Black checkmated"]
[WhiteElo "1543"]
[BlackElo "1062"]
[Opening "QGD: 4.Bg5"]
[ECO "D50"]
[NIC "QO.16"]
[Time "18:32:26"]
[PlyCount "127"]
[TimeControl "4500+10"]


1. d4 d5 2. c4 Nf6 3. Nc3 e6 4. Bg5 h6 5. Bh4 Bb4 6. e3 c6 7. Bd3 Nbd7 8.
Ne2 O-O 9. O-O b6 10. Qb3 Bxc3 11. Nxc3 Bb7 12. Rac1 c5 13. cxd5 exd5 14.
Bxf6 Nxf6 15. dxc5 d4 16. exd4 Qxd4 17. Nb5 Qg4 18. c6 Nh5 19. cxb7 Nf4 20.
bxa8=Q Rxa8 21. Be4 Ne2+ 22. Kh1 Nxc1 23. Qd5 Rc8 24. Nd6 Rf8 25. Rxc1 Qf4
26. Rc2 Rd8 27. g3 Qf6 28. Qxf7+ Qxf7 29. Nxf7 Kxf7 30. Rc7+ Kf6 31. Rxa7
Rd1+ 32. Kg2 Rd2 33. b3 Ke5 34. Bf3 Kf6 35. Ra6 Rd6 36. a4 Ke5 37. a5 bxa5
38. Rxd6 Kxd6 39. Be4 Kc5 40. f4 Kb4 41. Bd5 Kc5 42. Bc4 a4 43. bxa4 Kxc4
44. Kf3 Kb4 45. Ke4 Kxa4 46. Kf5 Kb5 47. Kg6 Kc6 48. Kxg7 Kd6 49. Kxh6 Ke6
50. g4 Kf6 51. h4 Kf7 52. g5 Kf8 53. f5 Kg8 54. f6 Kf8 55. g6 Kg8 56. f7+
Kf8 57. Kh7 Ke7 58. Kg8 Kf6 59. h5 Kg5 60. f8=Q Kxh5 61. Kf7 Kh4 62. g7 Kh3
63. g8=Q Kh2 64. Qh6# { Black checkmated } 1-0

[Event "ICC tourney 2161 (75 10)"]
[Site "Internet Chess Club"]
[Date "2020.11.27"]
[Round "3"]
[White "wildrumpus"]
[Black "mancogu"]
[Result "1-0"]
[ICCResult "Black checkmated"]
[WhiteElo "1468"]
[BlackElo "1602"]
[Opening "Queen's pawn game"]
[ECO "D00"]
[NIC "QP.08"]
[Time "18:32:23"]
[PlyCount "55"]
[TimeControl "4500+10"]


1. d4 d5 2. e3 e6 3. Bd3 Nf6 4. Nd2 Bd6 5. e4 dxe4 6. Nxe4 Nxe4 7. Bxe4 c6
8. Qg4 g6 9. Qe2 O-O 10. Bh6 Re8 11. Nf3 Nd7 12. O-O-O Qc7 13. g3 e5 14.
Ng5 exd4 15. Qf3 Nc5 16. Rxd4 Nxe4 17. Nxe4 Rxe4 18. Rxe4 Bf5 19. Re2 Qa5
20. Kb1 Be6 21. b3 Be5 22. Rhe1 Bc3 23. Rxe6 Bxe1 24. Qe3 Qd8 25. Qe5 Qd1+
26. Kb2 f6 27. Re8+ Kf7 28. Qe7# { Black checkmated } 1-0

[Event "ICC tourney 2161 (75 10)"]
[Site "Internet Chess Club"]
[Date "2020.11.27"]
[Round "3"]
[White "TheOrcaPro"]
[Black "smartgoldfish"]
[Result "1-0"]
[ICCResult "Black checkmated"]
[WhiteElo "1735"]
[BlackElo "1202"]
[Opening "Ruy Lopez: Anderssen variation"]
[ECO "C77"]
[NIC "RL.12"]
[Time "18:32:15"]
[PlyCount "155"]
[TimeControl "4500+10"]


1. e4 e5 2. Nf3 Nc6 3. Bb5 a6 4. Ba4 Nf6 5. d3 b5 6. Bb3 Be7 7. c3 d6 8. h3
Na5 9. Bc2 c5 10. Be3 O-O 11. Nbd2 Qc7 12. O-O Be6 13. Ng5 h6 14. Nxe6 fxe6
15. d4 cxd4 16. cxd4 exd4 17. Bxd4 Nc6 18. Be3 Ne5 19. Rc1 Qd7 20. f4 Ng6
21. e5 Nd5 22. Qf3 Ngxf4 23. Bxf4 Rxf4 24. Qd3 Qa7+ 25. Kh1 Kf8 26. Rxf4+
Nxf4 27. Rf1 dxe5 28. g3 Rd8 29. Qc3 Qd7 30. Ne4 Rc8 31. Qb3 Qc6 32. Bd3
Bg5 33. gxf4 Bxf4 34. Qc3 Qe8 35. Qxe5 g5 36. Nd6 Qc6+ 37. Be4 Qc7 38. Qh8+
Ke7 39. Nxc8+ Kd7 40. Qg7+ Kxc8 41. Qxc7+ Kxc7 42. Kg2 Kd6 43. Kf3 Ke5 44.
Rd1 h5 45. Bg6 h4 46. Bh5 a5 47. Bg4 b4 48. Re1+ Kd4 49. Rxe6 a4 50. Re4+
Kd3 51. Rxb4 Kc2 52. Be6 Kc1 53. Bd7 Bd2 54. Rb7 Bf4 55. Bxa4 Kb1 56. Kg4
Kxa2 57. b3 Kb2 58. Rg7 Kc3 59. Rxg5 Bxg5 60. Kxg5 Kd4 61. Kxh4 Ke5 62. Kg5
Ke6 63. b4 Ke7 64. h4 Ke6 65. h5 Kd5 66. h6 Kc4 67. h7 Kxb4 68. h8=Q Kxa4
69. Qb8 Ka5 70. Qb7 Ka4 71. Qb6 Ka3 72. Qb5 Ka2 73. Qb4 Ka1 74. Kf4 Ka2 75.
Ke4 Ka1 76. Kd3 Ka2 77. Kc2 Ka1 78. Qb2# { Black checkmated } 1-0

[Event "ICC tourney 2161 (75 10)"]
[Site "Internet Chess Club"]
[Date "2020.11.27"]
[Round "3"]
[White "TigerSahi"]
[Black "joeandjoe56"]
[Result "1-0"]
[ICCResult "Black resigns"]
[WhiteElo "1627"]
[BlackElo "1736"]
[Opening "Grünfeld: exchange, classical variation"]
[ECO "D86"]
[NIC "GI.05"]
[Time "18:32:28"]
[PlyCount "79"]
[TimeControl "4500+10"]


1. d4 Nf6 2. c4 g6 3. Nc3 d5 4. cxd5 Nxd5 5. e4 Nxc3 6. bxc3 Bg7 7. Bc4 c5
8. Ne2 Qa5 9. O-O O-O 10. Be3 Nc6 11. Qc2 Rd8 12. Rfd1 Bd7 13. a4 cxd4 14.
cxd4 Nb4 15. Qb3 Nc6 16. Bxf7+ Kh8 17. Bc4 Qc7 18. Qb2 Nxd4 19. Bxd4 e5 20.
Bxa7 Qxc4 21. Bb6 Qxe4 22. Ng3 Qg4 23. Bxd8 Rxd8 24. Qxb7 h5 25. f3 Qe6 26.
Ne4 h4 27. Nc5 Qe7 28. Nxd7 e4 29. Rac1 exf3 30. Qxf3 Rxd7 31. Rxd7 Qxd7
32. Qd1 Qe6 33. Qe1 Qg4 34. Qd1 Qe4 35. Qc2 Bd4+ 36. Kh1 Qf4 37. Qc8+ Kh7
38. Qc7+ Qxc7 39. Rxc7+ Kh6 40. a5 { Black resigns } 1-0

[Event "ICC tourney 2161 (75 10)"]
[Site "Internet Chess Club"]
[Date "2020.11.27"]
[Round "3"]
[White "StevChess01"]
[Black "SunnyCountry"]
[Result "1-0"]
[ICCResult "Black checkmated"]
[WhiteElo "1725"]
[BlackElo "1313"]
[Opening "QGD: exchange, positional line"]
[ECO "D35"]
[NIC "QO.16"]
[Time "18:32:07"]
[PlyCount "159"]
[TimeControl "4500+10"]


1. d4 d5 2. c4 e6 3. Nc3 Nf6 4. cxd5 exd5 5. Bg5 Be7 6. e3 c6 7. Bd3 Nbd7
8. Qc2 a6 9. Nf3 h6 10. Bh4 O-O 11. h3 Re8 12. Bg3 c5 13. b3 b5 14. O-O Bb7
15. Qb2 c4 16. bxc4 dxc4 17. Bf5 Nb6 18. a3 Bd6 19. Bxd6 Qxd6 20. Ne5 Nfd7
21. Nxd7 Nxd7 22. Bxd7 Qxd7 23. Rae1 Re6 24. f3 Rg6 25. Kh1 Re8 26. Qf2 Qd6
27. Nb1 f5 28. Re2 Qg3 29. Qxg3 Rxg3 30. Kg1 Rg6 31. Kf2 Rge6 32. Nc3 Kf7
33. Rfe1 g5 34. g4 Kf6 35. gxf5 Kxf5 36. Kg3 h5 37. e4+ Kf6 38. d5 R6e7 39.
h4 Bc8 40. hxg5+ Kxg5 41. Rh1 Rh7 42. Reh2 Reh8 43. Rh4 Bd7 44. Rb1 Rb8 45.
f4+ Kg6 46. Kf3 a5 47. Rh2 b4 48. axb4 axb4 49. Rhb2 b3 50. Rg1+ Bg4+ 51.
Ke3 Kf6 52. Kd4 Bd7 53. Kxc4 h4 54. Rxb3 Rxb3 55. Kxb3 h3 56. Rh1 h2 57. f5
Bc8 58. Kb4 Ba6 59. Nb5 Bxb5 60. Kxb5 Ke5 61. Kc6 Kxe4 62. f6 Kf3 63. f7
Rxf7 64. Rxh2 Ke4 65. Re2+ Kd4 66. d6 Rf6 67. Kc7 Kc5 68. d7 Rc6+ 69. Kd8
Kd6 70. Ke8 Kc5 71. Rc2+ Kd6 72. Rxc6+ Kxc6 73. d8=Q Kb7 74. Qd6 Kc8 75.
Qc6+ Kb8 76. Qd7 Ka8 77. Ke7 Kb8 78. Kd6 Ka8 79. Kc6 Kb8 80. Qb7# { Black
checkmated } 1-0

[Event "ICC tourney 2161 (75 10)"]
[Site "Internet Chess Club"]
[Date "2020.11.27"]
[Round "3"]
[White "dangdang2000"]
[Black "michaelpang"]
[Result "0-1"]
[ICCResult "White checkmated"]
[WhiteElo "1257"]
[BlackElo "1574"]
[Opening "Sicilian: Najdorf, 7...Be7"]
[ECO "B98"]
[NIC "SI.09"]
[Time "18:32:21"]
[PlyCount "132"]
[TimeControl "4500+10"]


1. e4 c5 2. Nf3 d6 3. d4 cxd4 4. Nxd4 Nf6 5. Nc3 a6 6. Bg5 e6 7. f4 Be7 8.
Qd2 Qc7 9. O-O-O b5 10. Kb1 Bb7 11. Bd3 Nbd7 12. Rhe1 h6 13. Bh4 Nxe4 14.
Nxe4 Bxh4 15. g3 Be7 16. Nf2 Nc5 17. Be4 Bxe4 18. Nxe4 Nxe4 19. Rxe4 O-O
20. Rde1 d5 21. R4e2 Bf6 22. Nf3 a5 23. Re3 a4 24. Ne5 Bxe5 25. fxe5 Qb6
26. Rd3 b4 27. Rd4 b3 28. cxb3 axb3 29. a3 Rfc8 30. Rb4 Qa5 31. Qd3 Rc2 32.
Qxb3 Rxh2 33. Rf1 Rh5 34. Rb8+ Rxb8 35. Qxb8+ Kh7 36. g4 Rg5 37. Qc8 Rxg4
38. Qc2+ Rg6 39. Ka2 d4 40. Qe4 Qd5+ 41. Qxd5 exd5 42. Rxf7 Re6 43. b4 Rxe5
44. b5 Re6 45. a4 Re2+ 46. Kb3 Re1 47. Rd7 h5 48. Rxd5 Kh6 49. Rxd4 Kg5 50.
Kc4 Rc1+ 51. Kd5 h4 52. a5 Ra1 53. a6 h3 54. Rd3 Kh4 55. Kc6 h2 56. Rd8
h1=Q+ 57. Kc7 Qc1+ 58. Kb6 Qe3+ 59. Kc7 Qc5+ 60. Kb7 Qe7+ 61. Kc8 Rc1+ 62.
Kb8 Qxd8+ 63. Kb7 Qd7+ 64. Kb6 Qd6+ 65. Kb7 Rc7+ 66. Kb8 Qd8# { White
checkmated } 0-1

[Event "ICC tourney 2161 (75 10)"]
[Site "Internet Chess Club"]
[Date "2020.11.27"]
[Round "3"]
[White "tcrgm"]
[Black "Florina12345"]
[Result "1-0"]
[ICCResult "Black resigns"]
[WhiteElo "1582"]
[BlackElo "1330"]
[Opening "Giuoco Piano"]
[ECO "C54"]
[NIC "IG.02"]
[Time "18:32:10"]
[PlyCount "79"]
[TimeControl "4500+10"]


1. e4 e5 2. Nf3 Nc6 3. Bc4 Bc5 4. c3 Nf6 5. d4 exd4 6. cxd4 Bb4+ 7. Bd2
Bxd2+ 8. Nbxd2 d5 9. exd5 Nxd5 10. Nb3 O-O 11. O-O Be6 12. Nc5 Rb8 13. Re1
Re8 14. Qd2 b5 15. Bb3 a5 16. a3 a4 17. Ba2 Na7 18. Re5 Nc8 19. Rae1 Ncb6
20. Nxe6 fxe6 21. Rxe6 Rxe6 22. Rxe6 Nc4 23. Bxc4 bxc4 24. Ne5 c3 25. Qc2
cxb2 26. Qb1 Qg5 27. Qxb2 Qd8 28. Qc2 Nc3 29. h3 Qc8 30. Rc6 Nb5 31. Qc4+
Kh8 32. Qxa4 Nd6 33. d5 Qe8 34. Qf4 Rb7 35. Nc4 Nxc4 36. Rxc4 Qd8 37. Re4
h6 38. Qf7 Qd6 39. Re8+ Kh7 40. Qf5+ { Black resigns } 1-0